 Dungeon Crawl Stone Soup version 0.26-b1-32-g5d43845318 (webtiles) character file.

Game seed: 14175481609287738769

172 Borgoz the Shield-Bearer (level 5, -3/36 HPs)
             Began as a Halfling Fighter on Jan 9, 2021.
             Killed by divine providence
             ... invoked by an orc priest
              (11 damage)
             ... on level 4 of the Dungeon.
             The game lasted 00:04:01 (2238 turns).

Borgoz the Shield-Bearer (Halfling Fighter)         Turns: 2238, Time: 00:04:01

Health: -3/36      AC:  8    Str: 17    XL:     5   Next: 83%
Magic:  5/5        EV:  9    Int:  6    God:
Gold:   115        SH: 10    Dex: 15    Spells: 4/4 levels left

rFire    . . .     SeeInvis .   a - +0 long sword
rCold    . . .     Faith    .   c - +0 kite shield
rNeg     + . .     Spirit   .   b - +0 scale mail
rPois    .         Reflect  .   g - +0 helmet
rElec    .         Harm     .   (no cloak)
rCorr    .         Rampage  .   (no gloves)
Will     .....                  (no boots)
Stlth    ..........             (no amulet)
HPRegen  0.12/turn              i - ring of positive energy
MPRegen  0.09/turn              (no ring)

@: mighty
A: small, mutation resistance 1
a: no special abilities


You were on level 4 of the Dungeon.
You visited 1 branch of the dungeon, and saw 4 of its levels.

You collected 115 gold pieces.

Inventory:

Hand Weapons
 a - a +0 long sword (weapon)
Armour
 b - a +0 scale mail (worn)
 c - a +0 kite shield (worn)
 g - a +0 helmet (worn)
Jewellery
 i - a ring of positive energy (left hand)
Wands
 h - a wand of enslavement (9)
Scrolls
 e - a scroll of identify
 j - 2 scrolls of remove curse
 k - 2 scrolls of teleportation
 n - a scroll of fog
 o - 4 scrolls of enchant armour {unknown}
 p - a scroll of enchant weapon {unknown}
Potions
 f - 2 potions of flight
 l - a potion of haste
 m - 2 potions of degeneration {unknown}


   Skills:
 + Level 3.4 Fighting
 * Level 3.8 Long Blades
 + Level 4.1 Armour
 + Level 4.2 Shields


You had 4 spell levels left.
You didn't know any spells.
Your spell library was empty.

Dungeon Overview and Level Annotations

Branches:
Dungeon (4/15)
 Temple: D:4-7

Altars:
Trog
Yredelemnul
Zin

Shops:
D:3 *


Innate Abilities, Weirdness & Mutations

You are small and have problems with some larger weapons.
You are somewhat resistant to further mutation.


Message History

The gnoll shaman invokes the aid of its god against you.
You resist with some effort.
You hit the gnoll shaman.
You kill the gnoll shaman!
You block the hound's attack. x2
The gnoll hits you from afar with a +0 spear.
* * * LOW HITPOINT WARNING * * *
You block the gnoll's attack. The gnoll barely misses you.
An orc priest comes into view. It is wielding a +0 falchion.
The orc priest shouts!
The gnoll hits you from afar with a +0 spear.
* * * LOW HITPOINT WARNING * * *
You block the orc priest's attack.
You slice the orc priest!!
You kill the orc priest!
You block the gnoll's attack.
The orc priest invokes the aid of Beogh against you.
Beogh smites you!
You die...

.#.# #.#. .#.#.#
#.#.#.#. #.#.#.#
#.#.#.#.#. #.#.#.#
#o#.#.#.#...
##.#.#g#g#.#.#.#.#..
#.#.#.#o#)#.#.#.#..
#.#.#g#h#.#.#.#.#
.#)#.#.#?#.#.#.#
##.#@#.#.#.#.#.#
#.#.#.#.#.#.#.#
##.#.#.#.#.#.#
#.#.#.#.#.#.#.# ..
##.#.#.#.#.#.#.# #..
#.#.#.#.#.#.#.#.#..#
.$###.#.#.#.#.#.#.#.#.#
..#.#.#.#.#.#.#.#.#..#
#.#.#.#.#.#.#.#.#.#.#


You could see 2 orc priests and 2 gnolls.

Vanquished Creatures
  An orc priest (D:4)
  A gnoll shaman (D:4)
  A worker ant (D:4)
  A hound skeleton (D:4)
  Robin (D:2)
  A gnoll (D:4)
  2 adders (D:2)
  2 worms (D:2)
  A dart slug (D:1)
  A leopard gecko (D:2)
  5 giant cockroaches
  14 goblins
  9 hobgoblins
  2 jackals (D:3)
  A quokka (D:3)
  2 bats
  A frilled lizard (D:1)
  4 kobolds
  8 rats
58 creatures vanquished.

Notes
Turn   | Place    | Note
-------+----------+-------------------------------------------
     0 | D:1      | Borgoz the Halfling Fighter began the quest for the Orb.
     0 | D:1      | Reached XP level 1. HP: 15/15 MP: 1/1
   331 | D:1      | Reached XP level 2. HP: 17/20 MP: 2/2
   839 | D:2      | Reached XP level 3. HP: 19/25 MP: 3/3
   970 | D:2      | Noticed Robin
   991 | D:2      | Killed Robin
  1015 | D:2      | Reached XP level 4. HP: 31/31 MP: 4/4
  1312 | D:2      | Found a basalt altar of Yredelemnul.
  1673 | D:3      | Found Zin's Purification Station.
  1677 | D:3      | Found a glowing silver altar of Zin.
  2025 | D:3      | Found a bloodstained altar of Trog.
  2182 | D:4      | Reached XP level 5. HP: 33/36 MP: 5/5
  2238 | D:4      | Killed from afar by an orc priest

Illustrated notes

Levels and vault maps discovered:
D:1:      lightli_arrival_flooded_house, layout_rooms, skrybe_limestone_x
D:2:      layout_loops_ring, nicolae_overflow_crystal_walls, uniq_robin
D:3:      layout_rooms, nicolae_overflow_hidden_temple, zin_purify,
          grunt_decor_fettered
D:4:      layout_basic, serial_shops, shop, serial_corexii_hall,
          chequers_hall_statues_corner_a, corexii_hall_statues_l,
          grunt_ministairs_3, ebering_dispersal_statue_hall

Skill      XL: |  1  2  3  4  5 |
---------------+----------------+-----
Fighting       | 3 |  3.4
Long Blades    | 3 |  3.8
Shields        | 4 |  4.2
Armour         | 4 |  4.1

Action                   |  1- 3 |  4- 6 || total
-------------------------+-------+-------++-------
Melee: Long sword        |    84 |   115 ||   199
  Use: Scroll            |     4 |     1 ||     5
       Potion            |     3 |     1 ||     4
Armor: Scale mail        |    44 |    54 ||    98
Dodge: Dodged            |    26 |    59 ||    85
Block: Kite shield       |    58 |    69 ||   127
       Rpst.: Long sword |    11 |    18 ||    29
